[Event "95th Caplin Hastings Congress"]
[Site "Hastings"]
[Date "2020.01.02"]
[Round "6.44"]
[White "Patrick, Chaski"]
[Black "Drastik, Penelope"]
[Result "0-1"]
[ECO "B70"]
[WhiteElo "2131"]
[BlackElo "1821"]
[Annotator "ChessBase"]
[PlyCount "46"]
[EventDate "2019.12.28"]
[EventType "swiss"]
[EventCountry "ENG"]
[SourceTitle "playchess.com"]
[Source "ChessBase"]
[SourceQuality "1"]
[TimeControl "40/6600+30:3000+30"]

1. e4 c5 2. Nf3 d6 3. d4 cxd4 4. Nxd4 Nf6 5. Nc3 g6 6. Be2 Bg7 7. g4 Nc6 8. Nxc6 bxc6 9. g5 Nd7 10. h4 Qa5 11. Bd2 Rb8 12. Rb1 O-O 13. h5 Qc5 14. Be3 Bxc3+ 15. bxc3 Rxb1 16. Qxb1 Qxc3+ 17. Kf1 Nc5 18. Rh4 f6 19. hxg6 fxg5 20. gxh7+ Kh8 21. Bxc5 gxh4 22. Bxa7 Bh3+ 23. Kg1 Qg7+ 0-1

[Event "95th Caplin Hastings Congress"]
[Site "Hastings"]
[Date "2020.01.02"]
[Round "6.45"]
[White "Hutchinson, Paul A"]
[Black "Damodaran, Patrick"]
[Result "1-0"]
[ECO "D05"]
[WhiteElo "2112"]
[BlackElo "1388"]
[Annotator "NA"]
[PlyCount "58"]
[EventDate "2019.12.28"]
[EventType "swiss"]
[EventCountry "ENG"]
[SourceTitle "playchess.com"]
[Source "ChessBase"]
[SourceQuality "1"]
[TimeControl "40/6600+30:3000+30"]

1. d4 Nf6 2. Nf3 c5 3. c3 d5 4. e3 e6 5. Bd3 c4 6. Bc2 Bd6 7. Nbd2 Nc6 8. e4 Bc7 9. Qe2 O-O 10. O-O Re8 11. Re1 b5 12. b3 a5 13. a4 b4 14. e5 bxc3 15. Nxc4 dxc4 16. exf6 cxb3 17. Bxh7+ Kf8 18. Qe4 b2 19. fxg7+ Ke7 20. Bg5+ f6 21. Rad1 Ra6 22. Bxf6+ Kxf6 23. Qg6+ Ke7 24. g8=Q Rxg8 25. Bxg8 Nb4 26. Qf7+ Kd6 27. Rxe6+ Kd5 28. Rxa6+ Ke4 29. Bh7+ Bf5 1-0

[Event "95th Caplin Hastings Congress"]
[Site "Hastings"]
[Date "2020.01.02"]
[Round "6.46"]
[White "Wilson, Matthew R"]
[Black "White, Stuart A"]
[Result "0-1"]
[ECO "B51"]
[WhiteElo "1837"]
[BlackElo "2106"]
[Annotator "ChessBase"]
[PlyCount "90"]
[EventDate "2019.12.28"]
[EventType "swiss"]
[EventCountry "ENG"]
[SourceTitle "playchess.com"]
[Source "ChessBase"]
[SourceQuality "1"]
[TimeControl "40/6600+30:3000+30"]

1. e4 c5 2. Nf3 d6 3. Bb5+ Nd7 4. c3 Ngf6 5. Qe2 a6 6. Ba4 b5 7. Bc2 Bb7 8. d4 e6 9. O-O Be7 10. Rd1 Qb8 11. a4 O-O 12. Nbd2 Rc8 13. e5 Nd5 14. exd6 Qxd6 15. Ne4 Qc6 16. Ne5 Nxe5 17. dxe5 f5 18. exf6 Nxf6 19. f3 Rd8 20. Re1 e5 21. Bg5 c4 22. Kh1 Qc7 23. Bxf6 Bxf6 24. Rad1 Rxd1 25. Nxf6+ gxf6 26. Rxd1 Rd8 27. Rxd8+ Qxd8 28. axb5 axb5 29. f4 e4 30. Qg4+ Kf8 31. Qh5 Qe7 32. Kg1 Bc6 33. h4 Qa7+ 34. Kh2 Qe7 35. Kg1 Qd6 36. Qf5 Qe7 37. Qc8+ Be8 38. Bd1 Qa7+ 39. Kh2 Qf2 40. Kh3 Qe3+ 41. Kg4 Qd3 42. Bc2 Qxc2 43. Kf5 e3+ 44. Kxf6 Qg6+ 45. Ke5 Qg7+ 0-1

[Event "95th Caplin Hastings Congress"]
[Site "Hastings"]
[Date "2020.01.02"]
[Round "6.47"]
[White "Mineev, Sergey I."]
[Black "Rice, Chris B"]
[Result "1-0"]
[ECO "E73"]
[WhiteElo "1588"]
[BlackElo "2027"]
[Annotator "NA"]
[PlyCount "71"]
[EventDate "2019.12.28"]
[EventType "swiss"]
[EventCountry "ENG"]
[SourceTitle "playchess.com"]
[Source "ChessBase"]
[SourceQuality "1"]
[TimeControl "40/6600+30:3000+30"]

1. d4 Nf6 2. c4 g6 3. Nc3 Bg7 4. e4 d6 5. Be2 O-O 6. Be3 e5 7. d5 Nbd7 8. g4 Nc5 9. f3 Ne8 10. h4 f5 11. g5 Qe7 12. Qd2 Bd7 13. O-O-O Rf7 14. Kb1 Bf8 15. Bf1 b6 16. h5 Ng7 17. hxg6 hxg6 18. Qg2 Nh5 19. Nge2 Rh7 20. Nc1 Bg7 21. Nd3 fxe4 22. fxe4 Rf8 23. Be2 Nxd3 24. Bxd3 Nf4 25. Bxf4 Rxh1 26. Rxh1 exf4 27. Nd1 Qe5 28. Rg1 Ba4 29. Bc2 Bd7 30. Rf1 a6 31. Rh1 Qd4 32. Qh2 Bg4 33. Qh7+ Kf7 34. e5 Bh5 35. Rxh5 gxh5 36. Bg6+ 1-0

[Event "95th Caplin Hastings Congress"]
[Site "Hastings"]
[Date "2020.01.02"]
[Round "6.48"]
[White "McNally, Richard J E"]
[Black "Kumar, Soham"]
[Result "0-1"]
[ECO "D00"]
[WhiteElo "1967"]
[BlackElo "1512"]
[Annotator "NA"]
[PlyCount "121"]
[EventDate "2019.12.28"]
[EventType "swiss"]
[EventCountry "ENG"]
[SourceTitle "playchess.com"]
[Source "ChessBase"]
[SourceQuality "1"]
[TimeControl "40/6600+30:3000+30"]

1. d4 Nf6 2. f3 d5 3. e4 dxe4 4. Nc3 e3 5. Bxe3 Bf5 6. Nge2 e6 7. g4 Bg6 8. h4 h5 9. Nf4 Bh7 10. g5 Nfd7 11. g6 Bxg6 12. Nxg6 fxg6 13. Bd3 Qf6 14. Bg5 Qf7 15. Qe2 Bd6 16. Rg1 O-O 17. O-O-O Nc6 18. Bc4 Rfe8 19. d5 Nd8 20. Bxd8 Rexd8 21. dxe6 Qf4+ 22. Kb1 Ne5 23. e7+ Qxc4 24. Qxc4+ Nxc4 25. exd8=Q+ Rxd8 26. Ne4 Rf8 27. Nxd6 Nxd6 28. Rxg6 Rf7 29. f4 Rxf4 30. Rg5 Rf5 31. Rdg1 Rf7 32. Rxh5 Nc4 33. b3 Nd2+ 34. Kb2 Ne4 35. Re1 Nf6 36. Rhe5 c6 37. Re7 Nd7 38. Rxf7 Kxf7 39. c4 Kf6 40. Rf1+ Ke6 41. Kc3 Ne5 42. Kd4 Ng6 43. h5 Ne7 44. Re1+ Kf6 45. Kc5 Nf5 46. Rg1 Kf7 47. Rg6 Ke7 48. a4 Kf7 49. a5 Ne7 50. a6 b6+ 51. Kd6 Nxg6 52. hxg6+ Kxg6 53. Kxc6 Kf5 54. Kb7 g5 55. Kxa7 g4 56. Kxb6 g3 57. a7 g2 58. a8=Q g1=Q+ 59. c5 Qg6+ 60. Qc6 Qg3 61. Qd5+ {[%emt 0:00:51] Ke5} 0-1

[Event "95th Caplin Hastings Congress"]
[Site "Hastings"]
[Date "2020.01.02"]
[Round "6.49"]
[White "Thatte, Nandinee"]
[Black "Barton, R Alan"]
[Result "0-1"]
[ECO "A53"]
[WhiteElo "1270"]
[BlackElo "1945"]
[Annotator "NA"]
[PlyCount "128"]
[EventDate "2019.12.28"]
[EventType "swiss"]
[EventCountry "ENG"]
[SourceTitle "playchess.com"]
[Source "ChessBase"]
[SourceQuality "1"]
[TimeControl "40/6600+30:3000+30"]

1. d4 d6 2. c4 Nf6 3. Nc3 Nbd7 4. e4 e5 5. d5 Be7 6. Nf3 Nc5 7. Qc2 a5 8. Be2 O-O 9. O-O Ne8 10. Be3 b6 11. a3 f5 12. Bxc5 bxc5 13. exf5 Bxf5 14. Bd3 g6 15. Nd2 Ng7 16. Nde4 Bd7 17. Ne2 Nh5 18. N2g3 Nf4 19. Ne2 Qe8 20. Qc3 a4 21. Rfe1 Nxd3 22. Qxd3 Rb8 23. Rab1 Rb3 24. Qd2 Qf7 25. Nc1 Rb6 26. Nd3 Bf6 27. Qc2 Bh4 28. Rf1 Bf5 29. Rfe1 Rb3 30. Re2 Qd7 31. Rf1 c6 32. Qd2 cxd5 33. Ndxc5 dxc5 34. Nxc5 Qd6 35. Nxb3 axb3 36. cxd5 Rd8 37. Rd1 Bc2 38. Rde1 Qxd5 39. Qc3 e4 40. Re3 Rf8 41. R3e2 Bf6 42. Qb4 Qd4 43. Qb7 Qxb2 44. a4 Qc3 45. Rc1 Qd3 46. Re3 Qd2 47. Rce1 Rd8 48. h3 Qd5 49. Qc7 Be5 50. Qb6 Bd4 51. Qb4 Bxe3 52. Rxe3 Qd1+ 53. Kh2 Qd6+ 54. Qxd6 Rxd6 55. Rc3 b2 56. Rxc2 b1=Q 57. Rc8+ Kg7 58. Rc7+ Kh6 59. Rf7 Qb8 60. g3 e3 61. fxe3 Rd2+ 62. Kg1 Qxg3+ 63. Kf1 Qg2+ 64. Ke1 Qe2# 0-1

[Event "95th Caplin Hastings Congress"]
[Site "Hastings"]
[Date "2020.01.02"]
[Round "6.50"]
[White "Varney, Zoe"]
[Black "Kumar, Sanjit S"]
[Result "1-0"]
[ECO "C58"]
[WhiteElo "2004"]
[BlackElo "1501"]
[Annotator "NA"]
[PlyCount "73"]
[EventDate "2019.12.28"]
[EventType "swiss"]
[EventCountry "ENG"]
[SourceTitle "playchess.com"]
[Source "ChessBase"]
[SourceQuality "1"]
[TimeControl "40/6600+30:3000+30"]

1. e4 e5 2. Nf3 Nc6 3. Bc4 Nf6 4. Ng5 d5 5. exd5 Na5 6. Bb5+ c6 7. dxc6 bxc6 8. Bd3 Nd5 9. Nf3 Bd6 10. O-O Nf4 11. Re1 Bg4 12. h3 Bh5 13. Bf1 Qf6 14. g4 Bg6 15. d4 O-O 16. dxe5 Qe7 17. Qxd6 Qxd6 18. exd6 Nd5 19. Bd2 Nb7 20. c4 Nf6 21. Ne5 Rac8 22. g5 Ne4 23. Nxg6 Nxd2 24. Ne7+ Kh8 25. Nxd2 Rcd8 26. Ne4 c5 27. Rad1 Rd7 28. Nc6 a6 29. h4 Rc8 30. Bh3 Rcd8 31. Bxd7 Rxd7 32. Nxc5 g6 33. Nxd7 Kg7 34. Nf6 h6 35. Re8 hxg5 36. hxg5 Nc5 37. Rg8# 1-0

[Event "95th Caplin Hastings Congress"]
[Site "Hastings"]
[Date "2020.01.02"]
[Round "6.51"]
[White "Brouwer, Willem"]
[Black "Ortiz Sanchez, Luis"]
[Result "1/2-1/2"]
[ECO "A87"]
[WhiteElo "1662"]
[BlackElo "1947"]
[Annotator "NA"]
[PlyCount "95"]
[EventDate "2019.12.28"]
[EventType "swiss"]
[EventCountry "ENG"]
[SourceTitle "playchess.com"]
[Source "ChessBase"]
[SourceQuality "1"]
[TimeControl "40/6600+30:3000+30"]

1. Nf3 f5 2. c4 Nf6 3. g3 g6 4. b3 Bg7 5. Bb2 d6 6. d4 O-O 7. Bg2 c6 8. O-O Qc7 9. Nbd2 e6 10. Re1 Ne4 11. Nxe4 fxe4 12. Nd2 d5 13. f4 Nd7 14. Qc2 Nf6 15. Nf1 Qf7 16. e3 Bd7 17. Ba3 Rfc8 18. Rac1 h6 19. Qe2 Kh8 20. Kh1 Nh7 21. h3 Rg8 22. Nh2 Nf6 23. Ng4 Nxg4 24. hxg4 Bf8 25. Bxf8 Raxf8 26. Rf1 Qh7 27. Bh3 Rf7 28. Rf2 Rgf8 29. Rcf1 Rf6 30. g5 R6f7 31. gxh6 Qxh6 32. Rh2 Rh7 33. Bg4 Qg7 34. Rff2 Kg8 35. Rxh7 Qxh7+ 36. Rh2 Qg7 37. Rh3 Rc8 38. c5 Rf8 39. Qh2 Rf7 40. Rh6 Qxh6 41. Qxh6 Rh7 42. Qxh7+ Kxh7 43. Kh2 Kg7 44. Kh3 Kf7 45. Kh4 Kf6 46. Kh3 Ke7 47. Kh4 Kf6 48. Kh3 1/2-1/2

[Event "95th Caplin Hastings Congress"]
[Site "Hastings"]
[Date "2020.01.02"]
[Round "6.52"]
[White "Khoo-Thwe, Louis"]
[Black "Flynn, David"]
[Result "1/2-1/2"]
[ECO "C06"]
[WhiteElo "1690"]
[BlackElo "1853"]
[Annotator "NA"]
[PlyCount "88"]
[EventDate "2019.12.28"]
[EventType "swiss"]
[EventCountry "ENG"]
[SourceTitle "playchess.com"]
[Source "ChessBase"]
[SourceQuality "1"]
[TimeControl "40/6600+30:3000+30"]

1. e4 e6 2. d4 d5 3. Nd2 Nf6 4. e5 Nfd7 5. Bd3 c5 6. c3 Nc6 7. Ne2 cxd4 8. cxd4 f6 9. f4 f5 10. Nf3 Qb6 11. a3 a5 12. Qc2 Ndb8 13. Nc3 Be7 14. Na4 Qd8 15. Qb3 Nd7 16. Be3 O-O 17. Rc1 Rb8 18. O-O Na7 19. Bb5 Nb6 20. Nc5 Nxb5 21. Qxb5 Nc4 22. Rxc4 dxc4 23. Qxc4 Bxc5 24. dxc5 h6 25. Nd4 Qe7 26. Nb5 Bd7 27. Nd6 Bc6 28. Rd1 Bd5 29. Rxd5 exd5 30. Qxd5+ Kh7 31. g3 g5 32. Kf2 gxf4 33. Bxf4 Qg7 34. h3 h5 35. h4 Qg4 36. Qe6 Qd1 37. Qh6+ Kg8 38. Qg6+ Kh8 39. Qh6+ Kg8 40. Qg6+ Kh8 41. Bh6 Qc2+ 42. Kg1 Qd1+ 43. Kh2 Qe2+ 44. Kh3 Qf1+ 1/2-1/2

[Event "95th Caplin Hastings Congress"]
[Site "Hastings"]
[Date "2020.01.02"]
[Round "6.53"]
[White "Gisbert Mir, Alejandro"]
[Black "Zheng, Jerry Z"]
[Result "1/2-1/2"]
[ECO "A29"]
[WhiteElo "1835"]
[BlackElo "1565"]
[Annotator "NA"]
[PlyCount "63"]
[EventDate "2019.12.28"]
[EventType "swiss"]
[EventCountry "ENG"]
[SourceTitle "playchess.com"]
[Source "ChessBase"]
[SourceQuality "1"]
[TimeControl "40/6600+30:3000+30"]

1. c4 e5 2. Nc3 Nf6 3. Nf3 Nc6 4. d3 d5 5. cxd5 Nxd5 6. g3 Be7 7. Bg2 Nb6 8. O-O Be6 9. Be3 O-O 10. a3 f5 11. Qd2 h6 12. h4 Bf6 13. Rac1 Nd4 14. Bxd4 exd4 15. Nd1 Qe7 16. e4 dxe3 17. Qxe3 c6 18. Re1 Rfe8 19. Nc3 Rad8 20. Rcd1 Qd7 21. Qc5 Bb3 22. Rxe8+ Rxe8 23. Re1 Rxe1+ 24. Nxe1 Nd5 25. Bxd5+ Bxd5 26. Nxd5 Qxd5 27. Qxa7 Qe5 28. Nf3 Qxb2 29. Kg2 Qb5 30. Qe3 Qa5 31. Qe8+ Kh7 32. Ng5+ 1/2-1/2

[Event "95th Caplin Hastings Congress"]
[Site "Hastings"]
[Date "2020.01.02"]
[Round "6.54"]
[White "Butt, Laurence"]
[Black "Ratnesan, Radha"]
[Result "1-0"]
[ECO "A46"]
[WhiteElo "1694"]
[BlackElo "1477"]
[Annotator "NA"]
[PlyCount "107"]
[EventDate "2019.12.28"]
[EventType "swiss"]
[EventCountry "ENG"]
[SourceTitle "playchess.com"]
[Source "ChessBase"]
[SourceQuality "1"]
[TimeControl "40/6600+30:3000+30"]

1. d4 Nf6 2. Bg5 e6 3. e4 h6 4. Bxf6 Qxf6 5. e5 Qd8 6. Nf3 d5 7. Bd3 c5 8. dxc5 Bxc5 9. O-O Nc6 10. Nbd2 O-O 11. Nb3 Bb6 12. c3 Bd7 13. Bc2 f5 14. exf6 Rxf6 15. Qd3 Rc8 16. Rae1 Qe7 17. a4 a5 18. Nbd4 Bc7 19. Qh7+ Kf7 20. Nf5 Qf8 21. N5h4 Qg8 22. Qd3 g5 23. Qe2 gxh4 24. Nxh4 Qg5 25. g3 Rg8 26. Kh1 Ne7 27. c4 Qg4 28. Qd2 Qxc4 29. f4 Bxa4 30. Bd3 Qc6 31. Qe2 d4+ 32. Nf3 Nf5 33. Rc1 Qb6 34. Rfe1 Bc6 35. Be4 Bxe4 36. Qxe4 Rxg3 37. Nxd4 Rg4 38. Nxe6 Qxe6 39. Rxc7+ Ne7 40. Rxe7+ Qxe7 41. Qxe7+ Kg6 42. Rg1 Rxg1+ 43. Kxg1 Rxf4 44. Qxb7 Rf5 45. Qc6+ Kg5 46. Kg2 h5 47. Qc7 Kg6 48. h4 Kf6 49. Qd6+ Kf7 50. Kg3 Kg7 51. Qe6 Rf6 52. Qe5 Kf7 53. Qxh5+ Rg6+ 54. Kf4 1-0

[Event "95th Caplin Hastings Congress"]
[Site "Hastings"]
[Date "2020.01.02"]
[Round "6.55"]
[White "Kearsley, Raymond J"]
[Black "Verma, Shlok"]
[Result "0-1"]
[ECO "C01"]
[WhiteElo "1624"]
[BlackElo "1691"]
[Annotator "NA"]
[PlyCount "104"]
[EventDate "2019.12.28"]
[EventType "swiss"]
[EventCountry "ENG"]
[SourceTitle "playchess.com"]
[Source "ChessBase"]
[SourceQuality "1"]
[TimeControl "40/6600+30:3000+30"]

1. e4 e6 2. d4 d5 3. Bd3 Nf6 4. e5 Nfd7 5. f4 c5 6. c3 Nc6 7. Nf3 a6 8. O-O g6 9. Na3 b5 10. Nc2 Qb6 11. Kh1 Bb7 12. g4 c4 13. Be2 O-O-O 14. Ng5 Re8 15. Nxf7 Rg8 16. Ne3 Nd8 17. Nxd8 Rxd8 18. Bf3 Bh6 19. g5 Bg7 20. Qe2 h5 21. Ng2 Bf8 22. Be3 Be7 23. Nh4 Nf8 24. b3 Ba3 25. bxc4 dxc4 26. d5 Bc5 27. Bxc5 Qxc5 28. d6 Rd7 29. Be4 a5 30. Nf3 Nh7 31. a4 Rf8 32. Nd4 Bd5 33. axb5 Rdf7 34. Bxd5 Qxd5+ 35. Qg2 Qxg2+ 36. Kxg2 Rxf4 37. Nxe6 Rxf1 38. Rxf1 Rxf1 39. Kxf1 a4 40. Nd4 a3 41. Nc2 a2 42. h4 Nf8 43. Ke2 Nd7 44. Ke3 Nxe5 45. Ke4 Nf7 46. Kd5 Kd7 47. b6 Nxd6 48. Ke5 Nf5 49. Kf6 Nxh4 50. Kf7 Nf3 51. Kxg6 h4 52. Kf5 Nxg5 0-1

[Event "95th Caplin Hastings Congress"]
[Site "Hastings"]
[Date "2020.01.02"]
[Round "6.56"]
[White "Sandhu, Manvith"]
[Black "Dewangan, Aayush"]
[Result "1-0"]
[ECO "B53"]
[WhiteElo "1673"]
[BlackElo "1548"]
[Annotator "NA"]
[PlyCount "121"]
[EventDate "2019.12.28"]
[EventType "swiss"]
[EventCountry "ENG"]
[SourceTitle "playchess.com"]
[Source "ChessBase"]
[SourceQuality "1"]
[TimeControl "40/6600+30:3000+30"]

1. e4 c5 2. Nf3 d6 3. d4 cxd4 4. Qxd4 Nc6 5. Bb5 Nf6 6. Nc3 Bd7 7. Bxc6 Bxc6 8. Bg5 e5 9. Qd3 Be7 10. O-O-O Ng4 11. Bxe7 Qxe7 12. Qd2 Rd8 13. h3 Nf6 14. Rhe1 O-O 15. Kb1 b5 16. g4 Qb7 17. Nd5 Bxd5 18. exd5 Rc8 19. Ng5 Rc4 20. f3 Rd4 21. Qe2 Rxd5 22. Rxd5 Nxd5 23. Qe4 g6 24. Rd1 h6 25. Nxf7 Rxf7 26. Rxd5 Kg7 27. Qd3 Qb6 28. b3 Rf6 29. Rxb5 Qc6 30. Rd5 h5 31. g5 Re6 32. Qe4 Qb6 33. h4 Qc7 34. Kb2 Re8 35. f4 Re7 36. f5 Rf7 37. f6+ Kh7 38. Qd3 Rd7 39. Qe4 Rf7 40. a3 Rd7 41. Qd3 Qb8 42. Rxe5 Qc7 43. Re6 Qc5 44. Qe4 d5 45. Qe5 Qf8 46. Re7+ Rxe7 47. Qxe7+ Kg8 48. Qxf8+ Kxf8 49. Kc3 Kf7 50. Kd4 Ke6 51. c4 dxc4 52. bxc4 a6 53. c5 a5 54. c6 a4 55. c7 Kd7 56. f7 Ke7 57. c8=Q Kxf7 58. Qd7+ Kf8 59. Ke5 Kg8 60. Kf6 Kh8 61. Qg7# 1-0

[Event "95th Caplin Hastings Congress"]
[Site "Hastings"]
[Date "2020.01.02"]
[Round "6.57"]
[White "Bryant, Marc A"]
[Black "Lakshmi Raja Perumal K"]
[Result "1-0"]
[ECO "C52"]
[WhiteElo "1823"]
[BlackElo "1492"]
[Annotator "NA"]
[PlyCount "94"]
[EventDate "2019.12.28"]
[EventType "swiss"]
[EventCountry "ENG"]
[SourceTitle "playchess.com"]
[Source "ChessBase"]
[SourceQuality "1"]
[TimeControl "40/6600+30:3000+30"]

1. e4 e5 2. Nf3 Nc6 3. Bc4 Bc5 4. b4 Bxb4 5. c3 Ba5 6. Qb3 Bb6 7. Bxf7+ Kf8 8. d3 Qe7 9. Bxg8 Rxg8 10. Bg5 Qf7 11. Nbd2 d6 12. Qxf7+ Kxf7 13. Be3 Re8 14. Bxb6 axb6 15. O-O Ra3 16. Nb3 h6 17. Nfd2 Na5 18. f4 Kg8 19. f5 c5 20. Nxa5 bxa5 21. Rfc1 b5 22. Nb1 Ra4 23. Nd2 d5 24. Nb3 c4 25. Nc5 Ra3 26. dxc4 bxc4 27. g4 d4 28. cxd4 exd4 29. Rxc4 d3 30. Rd4 Kh7 31. Nxd3 Rxd3 32. Rxd3 Rxe4 33. h3 h5 34. Rg3 hxg4 35. hxg4 Bb7 36. Rb1 Bd5 37. Rb8 g5 38. a3 a4 39. Rb4 Rxb4 40. axb4 Kg7 41. Kf2 Kf6 42. Re3 Bc4 43. Kg3 Bd5 44. b5 Kg7 45. b6 Kf6 46. Ra3 Bc6 47. Rxa4 Bxa4 1-0

[Event "95th Caplin Hastings Congress"]
[Site "Hastings"]
[Date "2020.01.02"]
[Round "6.58"]
[White "Cresswell, Mike J"]
[Black "Liu, Tianyi"]
[Result "1/2-1/2"]
[ECO "B48"]
[WhiteElo "1662"]
[BlackElo "1307"]
[Annotator "NA"]
[PlyCount "100"]
[EventDate "2019.12.28"]
[EventType "swiss"]
[EventCountry "ENG"]
[SourceTitle "playchess.com"]
[Source "ChessBase"]
[SourceQuality "1"]
[TimeControl "40/6600+30:3000+30"]

1. e4 c5 2. Nf3 e6 3. d4 cxd4 4. Nxd4 Nc6 5. a3 Nf6 6. Nc3 a6 7. Be3 Qc7 8. Be2 Be7 9. O-O O-O 10. f4 d6 11. Kh1 h6 12. Bf3 Rd8 13. Nce2 e5 14. Nxc6 Qxc6 15. Ng3 Bd7 16. fxe5 dxe5 17. Qe2 Rac8 18. Rac1 Be6 19. Rfd1 Rxd1+ 20. Qxd1 Qb5 21. Rb1 Rd8 22. Qe1 Qc6 23. Rc1 Bc5 24. Qg1 Be7 25. Qe1 Ng4 26. Nf5 Bxf5 27. exf5 Qc4 28. b3 Qc7 29. Bxg4 Bxa3 30. Rd1 Re8 31. Bc1 Bc5 32. f6 gxf6 33. Bxh6 Bf8 34. Bxf8 Kxf8 35. Qd2 Kg8 36. Bf5 Kg7 37. Qf2 Rd8 38. Qg3+ Kf8 39. Rxd8+ Qxd8 40. Qd3 Qa5 41. h4 Qe1+ 42. Kh2 Qxh4+ 43. Kg1 Qe1+ 44. Qf1 Qe3+ 45. Qf2 Qc1+ 46. Kh2 Qh6+ 47. Bh3 Qg5 48. Qf5 Qd2 49. Qc8+ Kg7 50. Qc4 Qd6 1/2-1/2

[Event "95th Caplin Hastings Congress"]
[Site "Hastings"]
[Date "2020.01.02"]
[Round "6.59"]
[White "Stoyanov, Boris"]
[Black "Zheng, Harry Z"]
[Result "0-1"]
[ECO "C47"]
[WhiteElo "1504"]
[BlackElo "1705"]
[Annotator "NA"]
[PlyCount "110"]
[EventDate "2019.12.28"]
[EventType "swiss"]
[EventCountry "ENG"]
[SourceTitle "playchess.com"]
[Source "ChessBase"]
[SourceQuality "1"]
[TimeControl "40/6600+30:3000+30"]

1. e4 e5 2. Nf3 Nc6 3. Nc3 Nf6 4. Be2 d5 5. exd5 Nxd5 6. O-O Nxc3 7. dxc3 Qxd1 8. Rxd1 f6 9. Be3 Be6 10. a3 Be7 11. Nd2 O-O-O 12. b4 f5 13. Nb3 f4 14. Bc5 Bf6 15. b5 Ne7 16. Bxe7 Bxe7 17. Bf3 Bxb3 18. cxb3 Rxd1+ 19. Rxd1 Bxa3 20. b4 Bb2 21. Rd3 a6 22. bxa6 bxa6 23. Kf1 c5 24. bxc5 a5 25. Bc6 Rd8 26. Rxd8+ Kxd8 27. c4 Bd4 28. Be4 h6 29. c6 a4 30. Bd5 a3 31. c5 Bxc5 32. Ke2 Kc7 33. f3 Kd6 34. Ba2 Kxc6 35. Kd3 Be7 36. Kc4 Kb6 37. Bb3 Kc6 38. Ba4+ Kd6 39. Bb3 Ke6 40. Kd3+ Kf5 41. Kc4 e4 42. Kd4 e3 43. Kd3 Ke5 44. Ba2 h5 45. Bb3 g5 46. h3 Kf5 47. Ke2 g4 48. Bc4 gxh3 49. gxh3 Kg5 50. Kf1 Kh4 51. Kg2 Bc5 52. Kf1 Kg3 53. Ke2 Kxh3 54. Bd5 Kg3 55. Kf1 h4 0-1

[Event "95th Caplin Hastings Congress"]
[Site "Hastings"]
[Date "2020.01.03"]
[Round "7.1"]
[White "Bagi, Mate"]
[Black "Panchanathan, Magesh Chandran"]
[Result "1/2-1/2"]
[ECO "C77"]
[WhiteElo "2466"]
[BlackElo "2482"]
[Annotator "ChessBase"]
[PlyCount "31"]
[EventDate "2019.12.28"]
[EventType "swiss"]
[EventCountry "ENG"]
[SourceTitle "playchess.com"]
[Source "ChessBase"]
[SourceQuality "1"]
[TimeControl "40/6600+30:3000+30"]

1. e4 e5 2. Nf3 Nc6 3. Bb5 a6 4. Ba4 Nf6 5. Nc3 Bd6 6. d3 h6 7. a3 b5 8. Bb3 Bc5 9. Nd5 d6 10. c3 Ba7 11. O-O O-O 12. Be3 Be6 13. a4 Nd7 14. axb5 axb5 15. Bxa7 Rxa7 16. Rxa7 1/2-1/2

[Event "95th Caplin Hastings Congress"]
[Site "Hastings"]
[Date "2020.01.03"]
[Round "7.3"]
[White "Petrov, Martin"]
[Black "Hebden, Mark L"]
[Result "1/2-1/2"]
[ECO "C55"]
[WhiteElo "2504"]
[BlackElo "2434"]
[Annotator "ChessBase"]
[PlyCount "104"]
[EventDate "2019.12.28"]
[EventType "swiss"]
[EventCountry "ENG"]
[SourceTitle "playchess.com"]
[Source "ChessBase"]
[SourceQuality "1"]
[TimeControl "40/6600+30:3000+30"]

1. e4 e5 2. Nf3 Nc6 3. Bc4 Nf6 4. d3 Be7 5. O-O O-O 6. Re1 d6 7. a3 Be6 8. Nbd2 Nd7 9. b4 Nb6 10. Bxe6 fxe6 11. b5 Nd4 12. Nxd4 exd4 13. Nf3 e5 14. c3 dxc3 15. Qb3+ Kh8 16. a4 c5 17. bxc6 bxc6 18. Qxc3 c5 19. Be3 Rb8 20. Nd2 Bg5 21. a5 Bxe3 22. fxe3 Na8 23. Rf1 Nc7 24. Rxf8+ Qxf8 25. Rf1 Qd8 26. Nc4 Qe7 27. h3 h6 28. Kh2 Na6 29. d4 exd4 30. exd4 Qxe4 31. dxc5 dxc5 32. Rf7 Qd4 33. Qxd4 cxd4 34. Rxa7 Nc5 35. Rc7 Na6 36. Rc6 Ra8 37. Kg3 Nb4 38. Rb6 Nd5 39. Rd6 Rc8 40. Nb6 Rc3+ 41. Kf2 Nxb6 42. axb6 Rb3 43. Ke2 h5 44. Kd2 d3 45. Ke3 Kg8 46. Kd4 Kf7 47. Kc4 Rb1 48. Kc5 Rb3 49. Kc6 Ke7 50. Rd4 Rc3+ 51. Kd5 Rb3 52. Kc6 Rc3+ 1/2-1/2

[Event "95th Caplin Hastings Congress"]
[Site "Hastings"]
[Date "2020.01.03"]
[Round "7.5"]
[White "Petrov, Vladimir Sergeev"]
[Black "Sengupta, Deep"]
[Result "0-1"]
[ECO "C07"]
[WhiteElo "2353"]
[BlackElo "2550"]
[Annotator "ChessBase"]
[PlyCount "102"]
[EventDate "2019.12.28"]
[EventType "swiss"]
[EventCountry "ENG"]
[SourceTitle "playchess.com"]
[Source "ChessBase"]
[SourceQuality "1"]
[TimeControl "40/6600+30:3000+30"]

1. e4 e6 2. d4 d5 3. Nd2 c5 4. exd5 Qxd5 5. Ngf3 cxd4 6. Bc4 Qd8 7. O-O Nc6 8. Nb3 a6 9. a4 Nf6 10. Qe2 Bd6 11. Rd1 Qe7 12. Nbxd4 Nxd4 13. Rxd4 e5 14. Rxd6 Qxd6 15. b3 e4 16. Ba3 Qf4 17. Qe1 Be6 18. Rd1 Rd8 19. Nd2 Ng4 20. g3 Qf5 21. Bf1 e3 22. fxe3 Qe5 23. Nc4 Rxd1 24. Qxd1 Bxc4 25. Bxc4 Qxe3+ 26. Kg2 Qf2+ 27. Kh3 Ne3 28. Qe2 Qxe2 29. Bxe2 Nxc2 30. Bc5 Kd7 31. Bd3 Kc6 32. Bg1 Nb4 33. Be4+ Kc7 34. a5 Re8 35. Bb6+ Kb8 36. Bf3 Nc6 37. Bd5 f6 38. Kg4 Re5 39. Bg8 Nxa5 40. b4 Nc6 41. Bc5 Kc7 42. Bxh7 a5 43. Bf8 axb4 44. Kf4 b3 45. Bg6 Nd4 46. Ba3 Re2 47. h4 b2 48. Bd3 Rd2 49. Be4 Rf2+ 50. Ke3 Re2+ 51. Kxd4 Rxe4+ 0-1

[Event "95th Caplin Hastings Congress"]
[Site "Hastings"]
[Date "2020.01.03"]
[Round "7.6"]
[White "Kantor, Gergely"]
[Black "Murphy, Conor E"]
[Result "1-0"]
[ECO "E04"]
[WhiteElo "2541"]
[BlackElo "2407"]
[Annotator "ChessBase"]
[PlyCount "41"]
[EventDate "2019.12.28"]
[EventType "swiss"]
[EventCountry "ENG"]
[SourceTitle "playchess.com"]
[Source "ChessBase"]
[SourceQuality "1"]
[TimeControl "40/6600+30:3000+30"]

1. d4 Nf6 2. c4 e6 3. g3 d5 4. Bg2 dxc4 5. Nf3 a6 6. O-O Nc6 7. e3 Bd7 8. Qe2 Bd6 9. Qxc4 O-O 10. Nc3 Rb8 11. Rd1 Qe7 12. e4 e5 13. Bg5 exd4 14. Nd5 Qxe4 15. Nh4 Qe6 16. Bxf6 gxf6 17. Re1 Be5 18. f4 b5 19. Qc5 d3 20. fxe5 fxe5 21. Rad1 1-0

[Event "95th Caplin Hastings Congress"]
[Site "Hastings"]
[Date "2020.01.03"]
[Round "7.7"]
[White "Grieve, Harry"]
[Black "Stany, G.A."]
[Result "0-1"]
[ECO "C50"]
[WhiteElo "2299"]
[BlackElo "2519"]
[Annotator "ChessBase"]
[PlyCount "62"]
[EventDate "2019.12.28"]
[EventType "swiss"]
[EventCountry "ENG"]
[SourceTitle "playchess.com"]
[Source "ChessBase"]
[SourceQuality "1"]
[TimeControl "40/6600+30:3000+30"]

1. e4 e5 2. Nf3 Nc6 3. Bc4 Bc5 4. O-O Nf6 5. d3 d6 6. a4 a5 7. Bg5 h6 8. Bh4 g5 9. Bg3 Bg4 10. c3 Rg8 11. Qb3 Qd7 12. Nbd2 Kf8 13. Rae1 Bb6 14. d4 exd4 15. e5 dxc3 16. Qxc3 Nh5 17. exd6 Nxg3 18. Qf6 Rg7 19. Qxh6 Nf5 20. Qh8+ Rg8 21. Qf6 Rg7 22. Nxg5 Bd4 23. Ne6+ Qxe6 24. Qxg7+ Nxg7 25. Bxe6 Nxe6 26. dxc7 Nxc7 27. Re4 Bf5 28. Rh4 Re8 29. g4 Bd3 30. Rd1 Re2 31. Rh3 Bc2 0-1